Map: Automaton LE

Players

Reynor - Winner!

  • Race: Zerg Zerg
  • Spawn Location: 3:00

PartinG

  • Race: Protoss Protoss
  • Spawn Location: 9:00

Event: IEM Season 13: Katowice (2019)

VOD

Have the link to the VOD?

Description

Time

  • Played on: Feb. 26, 2019, 5:44 a.m.
  • Length: 12:10

All games in this series

Show
View Real Time Build Order
Export as new Build Order

Reynor Zerg - Winner!

Build Orders: Hatch First 

Get SALT Encoding   

  12  0:00  Drone  
  13  0:12  Overlord  
  13  0:17  Drone  
  14  0:30  Drone  
  14  0:31  Drone  
  16  0:50  Hatchery  
  16  0:53  Drone  
  16  0:57  Drone  
  16  1:00  Drone  
  18  1:12  Extractor  
  18  1:17  Spawning Pool  
  16  1:20  Drone  
  16  1:23  Drone  
  18  1:28  Drone  
  19  1:39  Drone  
  20  1:49  Overlord  
  20  2:03  Zergling x2  
  20  2:04  Queen x2, Zergling x2  
  26  2:10  Drone  
  26  2:12  Drone  
  29  2:22  Drone  
  29  2:23  Drone  
  30  2:36  Hatchery  
  29  2:40  Metabolic Boost  
  29  2:43  Drone  
  30  2:46  Drone  
  30  2:49  Drone  
  32  2:56  Overlord  
  32  2:58  Drone x2  
  34  3:07  Queen  
  36  3:14  Overlord  
  36  3:16  Drone x2  
  36  3:17  Drone  
  36  3:19  Drone  
  40  3:21  Zergling x2  
  40  3:23  Drone  
  42  3:28  Drone  
  42  3:33  Drone  
  44  3:38  Drone  
  45  3:44  Queen  
  45  3:46  Lair  
  45  3:48  Zergling x2  
  48  3:49  Overlord  
  48  3:50  Drone  
  48  3:51  Drone  
  48  3:52  Drone  
  51  4:01  Overlord  
  51  4:02  Roach Warren  
  50  4:03  Drone  
  50  4:04  Drone  
  50  4:08  Drone x2  
  54  4:17  Extractor, Zergling x8  
  54  4:18  Extractor  
  56  4:24  Drone x4  
  56  4:29  Overlord  
  56  4:30  Drone x2  
  61  4:44  Roach x2  
  65  4:47  Overlord  
  65  4:48  Roach x4  
  73  4:57  Spore Crawler  
  73  4:58  Drone, Spore Crawler  
  72  5:03  Roach  
  72  5:06  Roach x3  
  72  5:07  Roach  
  81  5:20  Overlord  
  81  5:26  Overseer  
  81  5:27  Overlord  
  81  5:28  Overseer  
  81  5:31  Evolution Chamber, Drone  
  81  5:32  Overlord  
  81  5:39  Drone x3  
  81  5:40  Drone x5  
  89  5:43  Overlord  
  89  5:46  Drone x3  
  89  5:47  Drone  
  89  5:48  Drone x2  
  95  5:54  Drone x2  
  95  5:55  Queen  
  99  5:58  Queen  
  99  6:03  Extractor  
  100  6:06  Nydus Network, Spore Crawler  
  100  6:10  Spore Crawler  
  97  6:13  Queen  
  97  6:14  Drone x2  
  97  6:16  Drone  
  100  6:19  Drone x2  
  100  6:21  Drone  
  100  6:23  Drone x2  
  100  6:24  Drone  
  105  6:26  Drone x2  
  105  6:29  Drone x2  
  109  6:37  Roach x2  
  113  6:40  Overlord  
  113  6:41  Overlord  
  113  6:46  Nydus Canal  
  113  6:47  Overlord  
  113  6:48  Overlord  
  113  6:49  Glial Reconstitution  
  113  6:57  Overlord x3  
  113  7:04  Extractor  
  113  7:05  Overlord  
  113  7:06  Roach x3  
  113  7:07  Roach x3  
  113  7:08  Zerg Missile Weapons Level 1  
  124  7:09  Extractor  
  124  7:11  Queen  
  124  7:14  Ravager x3  
  124  7:15  Ravager  
  129  7:17  Roach x3  
  129  7:18  Ravager  
  129  7:19  Queen  
  138  7:26  Ravager x2  
  138  7:27  Zergling x6  
  138  7:28  Roach  
  144  7:30  Roach  
  144  7:31  Roach  
  148  7:37  Ravager  
  148  7:39  Roach  
  148  7:41  Roach  
  151  7:45  Overlord  
  146  7:53  Spore Crawler  
  146  7:57  Roach x6  
  153  8:03  Roach x2  
  153  8:06  Queen  
  153  8:07  Roach x3  
  153  8:10  Roach  
  159  8:15  Roach x2  
  159  8:18  Queen  
  156  8:25  Roach x3  
  153  8:35  Queen  
  153  8:38  Roach  
  153  8:39  Roach x2  
  148  8:45  Roach x2  
  148  8:47  Zergling x2  
  148  8:48  Queen  
  149  8:50  Spire  
  149  8:55  Roach x2  
  148  9:02  Roach  
  148  9:04  Roach  
  148  9:06  Roach  
  148  9:07  Roach  
  144  9:19  Roach x3  
  144  9:23  Hatchery  
  149  9:27  Zerg Missile Weapons Level 2  
  149  9:32  Overlord  
  143  10:01  Mutalisk x8  
  143  10:02  Mutalisk x4  
  143  10:03  Drone  
  143  10:04  Extractor, Drone  
  168  10:07  Extractor  
  168  10:08  Drone  
  168  10:09  Drone x2  
  168  10:12  Overlord  
  170  10:16  Mutalisk x2  
  170  10:18  Drone x3  
  175  10:24  Drone x2  
  175  10:28  Mutalisk  
  175  10:35  Queen  
  175  10:39  Hydralisk Den  
  175  10:40  Roach x8  
  175  10:42  Drone x2  
  187  10:46  Drone x2  
  187  10:49  Roach  
  191  10:56  Overlord  
  183  10:57  Drone x3  
  183  10:58  Drone  
  183  11:02  Drone x2  
  183  11:03  Drone  
  190  11:09  Roach x3  
  190  11:10  Roach x2  
  192  11:15  Overlord  
  190  11:27  Roach x5  
  190  11:30  Hatchery  
  189  11:41  Roach x8, Zergling x6  
Show
View Real Time Build Order
Export as new Build Order

PartinG Protoss 

Build Orders: 1 Gate Expand, Chargelot Immortal 

Get SALT Encoding   

  12  0:00  Probe  
  13  0:12  Probe  
  14  0:19  Pylon  
  14  0:24  Probe  
  15  0:28  Assimilator  
  15  0:34  Probe  
  16  0:44  Gateway, Probe  
  17  0:53  Probe  
  18  1:05  Probe  
  19  1:23  Nexus  
  19  1:27  Probe  
  20  1:37  Cybernetics Core  
  20  1:39  Probe  
  21  1:45  Assimilator  
  21  1:52  Probe  
  22  1:55  Pylon  
  22  2:03  Adept  
  22  2:04  Probe  
  25  2:16  Probe  
  26  2:27  Warp Gate  
  26  2:28  Probe  
  27  2:33  Probe, Stalker  
  27  2:35  Twilight Council  
  29  2:38  Probe  
  29  2:41  Probe  
  31  2:46  Probe  
  33  2:51  Probe  
  34  2:59  Robotics Facility  
  34  3:02  Charge  
  34  3:03  Probe  
  34  3:04  Probe  
  36  3:15  Probe  
  36  3:16  Probe  
  38  3:23  Gateway  
  38  3:28  Probe x2  
  38  3:32  Gateway  
  40  3:37  Gateway  
  40  3:38  Warp Prism  
  40  3:42  Probe x2  
  42  3:52  Pylon  
  44  3:58  Probe, Pylon  
  44  4:00  Probe  
  46  4:12  Probe  
  46  4:14  Assimilator  
  46  4:15  Assimilator  
  47  4:17  Probe  
  47  4:21  Zealot x2  
  52  4:26  Zealot  
  52  4:31  Zealot  
  56  4:37  Stargate x2  
  56  4:42  Zealot x2  
  60  4:47  Probe x2  
  60  4:48  Pylon  
  62  4:54  Pylon  
  62  5:06  Nexus  
  62  5:09  Pylon  
  62  5:13  Probe x2, Oracle x2  
  64  5:22  Observer  
  64  5:27  Sentry x2  
  75  5:29  Sentry  
  75  5:30  Sentry  
  75  5:34  Pylon  
  79  5:39  Shield Battery  
  79  5:40  Probe x2  
  79  5:42  Void Ray  
  81  5:46  Void Ray  
  85  5:59  Probe x2  
  91  6:12  Pylon  
  91  6:15  Void Ray, Pylon  
  91  6:20  Void Ray  
  92  6:27  Probe x3  
  99  6:39  Protoss Air Weapons Level 1  
  99  6:40  Probe x3  
  99  6:43  Assimilator  
  99  6:45  Assimilator  
  99  6:46  Pylon  
  102  6:52  Probe x3  
  105  7:00  Immortal  
  109  7:05  Sentry x2  
  109  7:07  Zealot x2  
  117  7:12  Gateway  
  117  7:15  Gateway  
  117  7:21  Shield Battery  
  117  7:22  Shield Battery  
  117  7:24  Shield Battery  
  117  7:26  Dark Shrine  
  117  7:28  Sentry, Zealot x3  
  125  7:30  Immortal  
  125  7:41  Shield Battery  
  125  7:43  Shield Battery  
  129  7:47  Void Ray  
  121  7:53  Zealot  
  121  7:54  Zealot x2  
  115  8:03  Zealot  
  107  8:10  Zealot x2  
  102  8:14  Void Ray  
  102  8:15  Immortal  
  102  8:16  Zealot x2  
  102  8:17  Zealot  
  108  8:24  Void Ray  
  108  8:32  Zealot x3  
  112  8:39  Zealot x2  
  102  8:41  Dark Templar  
  102  8:45  Dark Templar  
  92  8:54  Pylon  
  90  8:56  Pylon  
  90  8:57  Pylon  
  90  8:59  Pylon  
  90  9:01  Sentry x3  
  96  9:03  Zealot x2  
  98  9:19  Immortal  
  98  9:24  Sentry x2  
  99  9:27  Zealot x4  
  113  9:33  Probe x2  
  111  9:50  Sentry x2  
  111  9:51  Zealot x4  
  120  9:53  Observer  
  121  10:12  Nexus  
  121  10:14  Pylon  
  121  10:24  Sentry x2  
  121  10:28  Phoenix x2  
  129  10:40  Forge  
  121  10:43  Stalker x2  
  121  10:46  Stalker  
  121  10:47  Shield Battery  
  122  10:57  Phoenix  
  124  11:04  Phoenix  
  111  11:15  Phoenix  
  104  11:29  Phoenix  
  90  11:42  Dark Templar, Zealot x2  
  90  11:43  Zealot x2  

Tags
 
Add a new tag
Caveats
  • Supply blocks, unpowered buildings, or Contaminate may cause inaccurate times.
  • Supply counts are checked every 10 seconds.